 Dungeon Crawl Stone Soup version 0.26-a0-937-g67df3f2acb (webtiles) character file.

Game seed: 10642223456557889915

2687 Baz the Fighter (level 9, -2/97 HPs)
             Began as an Ogre Hunter on Nov 27, 2020.
             Was a Priest of Okawaru.
             Slain by Joseph
             ... wielding a +0 quarterstaff
              (8 damage)
             ... on level 7 of the Dungeon.
             The game lasted 00:21:23 (15202 turns).

Baz the Fighter (Ogre Hunter)                      Turns: 15202, Time: 00:21:24

Health: -2/97      AC:  6    Str: 19    XL:     9   Next: 64%
Magic:  7/9        EV: 13    Int: 12    God:    Okawaru [***...]
Gold:   311        SH:  0    Dex: 11    Spells: 8/8 levels left

rFire    . . .     SeeInvis .   Q - +3 flail
rCold    + . .     Faith    .   (no shield)
rNeg     . . .     Spirit   .   b - +0 robe
rPois    .         Reflect  .   (helmet restricted)
rElec    .         Harm     .   m - +1 cloak
rCorr    .         Rampage  .   (gloves unavailable)
MR       .....                  (boots unavailable)
Stlth    +++.......             (no amulet)
HPRegen  0.26/turn              w - ring of protection from cold
MPRegen  0.11/turn              x - ring of flight

@: heroism, lightly drained
A: large, unfitting armour, tough skin 1
a: Heroism, Renounce Religion, Evoke Flight


You were on level 7 of the Dungeon.
You worshipped Okawaru.
Okawaru was most pleased with you.
You visited 1 branch of the dungeon, and saw 7 of its levels.

You collected 351 gold pieces.
You spent 40 gold pieces at shops.

Inventory:

Hand Weapons
 a - a +0 short sword
 j - a +0 whip
 q - a +1 dagger of venom
 y - a +2 flail of holy wrath
 D - a +1 dire flail of holy wrath
 Q - a +3 flail (weapon)
Missiles
 d - 2 throwing nets (quivered)
 h - 118 stones
 A - 20 poisoned darts
 O - 3 atropa-tipped darts
Armour
 b - a +0 robe (worn)
 m - a +1 cloak (worn)
Jewellery
 e - an uncursed ring of poison resistance {unknown}
 w - a ring of protection from cold (left hand)
 x - a ring of flight (right hand)
 M - an uncursed ring of magical power {unknown}
Wands
 E - a wand of random effects (14)
 H - a wand of disintegration (6)
 J - a wand of flame (11)
 N - a wand of acid (6)
Scrolls
 f - 4 scrolls of fog
 g - 2 scrolls of enchant weapon
 i - 6 scrolls of amnesia
 l - 6 scrolls of teleportation
 o - 2 scrolls of immolation
 r - a scroll of magic mapping {unknown}
 s - 2 scrolls of remove curse
 t - 2 scrolls of fear
 z - a scroll of blinking {unknown}
 I - 2 scrolls of random uselessness {unknown}
 P - a scroll of vulnerability {unknown}
Potions
 k - 3 potions of haste
 n - 4 potions of curing
 p - 2 potions of cancellation
 u - 3 potions of might
 v - a potion of brilliance {unknown}
 B - a potion of berserk rage {unknown}
 C - a potion of heal wounds {unknown}
 F - 3 potions of ambrosia
 G - 3 potions of lignification {unknown}
 K - a potion of flight {unknown}


   Skills:
 + Level 8.3(13.1) Fighting
 * Level 6.1(10.9) Maces & Flails
 + Level 7.2(12.0) Throwing
 + Level 4.7(9.6) Armour
 - Level 3.4(8.2) Dodging
 - Level 0.6(5.4) Stealth


You had 8 spell levels left.
You didn't know any spells.
Your spell library was empty.

Dungeon Overview and Level Annotations

Branches:
Dungeon (7/15)             Temple (0/1) D:6

Altars:
Gozag
Kikubaaqudgha
Okawaru
Qazlal
Ru
Vehumet
Xom
The Shining One

Shops:
D:7 *

Annotations:
D:5 2 transporters
D:7 Joseph


Innate Abilities, Weirdness & Mutations

You are too large for most types of armour.
You have tough skin. (AC +1)


Message History

You gain the combat prowess of a mighty hero.
Joseph hits you with a +0 quarterstaff!
* * * LOW HITPOINT WARNING * * *
Unknown command.
Unknown command.
Throw: 2 large rocks
Press: ? - help, Q - select action, (/) - cycle Shift-Dir - straight line, f/p - Joseph
Aim: Joseph, wielding a +0 quarterstaff, wearing a +0 leather armour and quivering 17 sling bullets (almost dead, poisoned)
You throw a large rock. The large rock barely misses Joseph.
Joseph hits you with a +0 quarterstaff.
* * * LOW HITPOINT WARNING * * *
Unknown command.
Unknown command.
Throw: large rock
Press: ? - help, Q - select action, (/) - cycle Shift-Dir - straight line, f/p - Joseph
Aim: Joseph, wielding a +0 quarterstaff, wearing a +0 leather armour and quivering 17 sling bullets (almost dead, poisoned)
You throw a large rock. The large rock hits Joseph!
Joseph is almost dead.
Joseph hits you with a +0 quarterstaff!
You die...

### #### ..#
...## .## #..##
## #..######.(.
# ##(..(....(#
# ##(@#####
###@.##
###.....##
##........##
###..........#
##............#
#...(....(....#
#.............#
##...........##
###
#............##
#.##


You could see Joseph (poisoned).

Vanquished Creatures
  Edmund (D:5)
  A water moccasin (D:5)
  2 sky beasts
  An ice beast (D:7)
  An orc warrior (D:6)
  2 centaurs (D:6)
  2 phantoms
  2 ogres
  A bullfrog (D:6)
  A wyvern zombie (D:6)
  3 scorpions
  5 wights
  A bullfrog zombie (D:6)
  3 jellies
  4 hounds
  2 orc priests
  Jessica (D:3)
  4 iguanas
  6 orc wizards
  2 worker ants
  Ijyb (D:5)
  2 killer bee zombies (D:7)
  2 hound skeletons (D:7)
  A howler monkey zombie (D:5)
  11 gnolls
  13 adders
  An ufetubus (D:6)
  3 oozes
  An adder skeleton (D:5)
  2 dart slugs (D:1)
  3 worms
  A leopard gecko (D:6)
  18 orcs
  5 bats
  6 giant cockroaches
  7 goblins
  4 hobgoblins
  27 jackals
  13 kobolds
  5 quokkas
  A ball python (D:2)
  A frilled lizard (D:3)
  A jackal skeleton (D:4)
  6 rats
180 creatures vanquished.

Vanquished Creatures (others)
  A plant (D:4)
1 creature vanquished.

Grand Total: 181 creatures vanquished

Notes
Turn   | Place    | Note
-------+----------+-------------------------------------------
     0 | D:1      | Baz the Ogre Hunter began the quest for the Orb.
     0 | D:1      | Reached XP level 1. HP: 22/22 MP: 1/1
   206 | D:1      | Reached skill level 3 in Fighting
   206 | D:1      | Reached XP level 2. HP: 10/31 MP: 2/2
   678 | D:1      | Reached XP level 3. HP: 28/37 MP: 3/3
  2450 | D:2      | Reached XP level 4. HP: 34/48 MP: 4/4
  2843 | D:2      | Found a shimmering altar of Xom.
  2895 | D:2      | Noticed an ogre
  3238 | D:2      | Found an iron altar of Okawaru.
  3251 | D:2      | Became a worshipper of Warmaster Okawaru
  3632 | D:2      | Reached skill level 4 in Fighting
  3632 | D:2      | Reached skill level 1 in Maces & Flails
  3775 | D:3      | Found a faded altar of an unknown god.
  3781 | D:3      | Noticed Jessica
  3788 | D:3      | Killed Jessica
  3789 | D:3      | Reached XP level 5. HP: 43/54 MP: 5/5
  5237 | D:4      | Noticed a phantom
  5548 | D:4      | Found a stormy altar of Qazlal.
  5551 | D:4      | Found an ancient bone altar of Kikubaaqudgha.
  5560 | D:4      | Reached skill level 5 in Throwing
  5568 | D:4      | Reached XP level 6. HP: 27/65 MP: 6/6
  5809 | D:4      | Found an opulent altar of Gozag.
  6100 | D:4      | Reached skill level 5 in Fighting
  6740 | D:5      | Entered Level 5 of the Dungeon
  6751 | D:5      | Found a glowing golden altar of the Shining One.
  6752 | D:5      | Noticed a wyvern
  6753 | D:5      | Found a transporter.
  7388 | D:5      | Reached skill level 1 in Armour
  7398 | D:5      | Reached * piety under Okawaru
  7399 | D:5      | Reached XP level 7. HP: 55/72 MP: 7/7
  8040 | D:5      | Found a transporter.
  8876 | D:5      | Found a sacrificial altar of Ru.
  8880 | D:5      | Noticed Edmund
  8901 | D:5      | Killed Edmund
  8902 | D:5      | Reached skill level 6 in Fighting
  8902 | D:5      | Reached XP level 8. HP: 75/83 MP: 8/8
  9057 | D:5      | Noticed Ijyb
  9081 | D:5      | Killed Ijyb
  9411 | D:5      | Reached ** piety under Okawaru
 11671 | D:6      | Found a staircase to the Ecumenical Temple.
 11942 | D:6      | Reached skill level 7 in Fighting
 12172 | D:6      | Found a radiant altar of Vehumet.
 12210 | D:6      | Reached XP level 9. HP: 90/93 MP: 9/9
 12332 | D:6      | Reached skill level 5 in Maces & Flails
 13273 | D:7      | Found Besishoblu's General Store.
 13333 | D:7      | Bought a scroll of identify for 20 gold pieces
 13333 | D:7      | Bought a scroll of identify for 20 gold pieces
 13500 | D:7      | Reached *** piety under Okawaru
 13785 | D:7      | Reached skill level 8 in Fighting
 14088 | D:7      | Received a gift from Okawaru
 15161 | D:7      | Noticed Joseph
 15202 | D:7      | Slain by Joseph

Illustrated notes

Levels and vault maps discovered:
D:1:      onia_arrival_mini_maze, layout_basic, corexii_item_surrounded_by_moat
D:2:      layout_basic, marbit_many_paths, overflow_temple_1_default,
          roderic_lattice_a
D:3:      layout_loops_ring, chequers_ecumenical_altar_island, uniq_jessica
D:4:      layout_cave_pools, kennysheep_mini, lemuel_crystal_altar,
          serial_forest, infiniplex_forest_lined_ring,
          infiniplex_forest_side_room, infiniplex_forest_clump_diagonal,
          infiniplex_forest_clump_medium, infiniplex_forest_straight_2,
          infiniplex_forest_lined_corner, infiniplex_forest_straight_2,
          grunt_qazlal_clouds
D:5:      layout_loops_cross, gammafunk_temple_overflow_arena,
          lemuel_doored_altar, uniq_edmund, uniq_ijyb
D:6:      layout_basic, vehumet_altar_wand_db, minmay_temple_entry_junction
D:7:      layout_cave_pods, serial_shops, shop, uniq_joseph

Skill      XL: |  1  2  3  4  5  6  7  8  9 |
---------------+----------------------------+-----
Dodging        | 2 3 |  3.4
Fighting       | 3 4 5 6 7 8 |  8.3
Maces & Flails | 1 2 3 4 6 |  6.1
Throwing       | 5 6 7 |  7.2
Armour         | 1 2 4 |  4.7
Stealth        | |  0.6

Action                   |  1- 3 |  4- 6 |  7- 9 || total
-------------------------+-------+-------+-------++-------
Melee: Short sword       |   147 |    51 |       ||   198
       Dagger            |       |   221 |    99 ||   320
       Whip              |       |    11 |    15 ||    26
       Dire flail        |       |       |   151 ||   151
       Flail             |       |       |    88 ||    88
       Mace              |       |       |    35 ||    35
       Unarmed           |       |       |     8 ||     8
Throw: Large rock        |     1 |     2 |     8 ||    11
       Stone             |       |    18 |    10 ||    28
       Dart              |       |    12 |    30 ||    42
Invok: Heroism           |       |       |     1 ||     1
  Use: Scroll            |     2 |     5 |     6 ||    13
       Potion            |       |       |     1 ||     1
 Stab: Sleeping          |     1 |     2 |     1 ||     4
Armor: Robe              |    60 |    64 |    95 ||   219
Dodge: Dodged            |    99 |   161 |   239 ||   499

Table legend: (Time is in decaauts)
 A = Elapsed time spent in this place.
 B = Non-inter-level travel time spent in this place.
 C = Inter-level travel time spent in this place.
 D = Time resting spent in this place.
 E = Time spent auto-exploring this place.
 F = Levels seen in this place.
 G = Mean time per level.
                   A        B        C        D        E       F      G
               +--------+--------+--------+--------+--------+-----+--------+
         Total |  15266 |  14863 |    403 |   7632 |   4388 |   7 | 2180.9 |
       Dungeon |  15266 |  14863 |    403 |   7632 |   4388 |   7 | 2180.9 |
               +--------+--------+--------+--------+--------+-----+--------+

Top non-repeatable levels by time:
     D:5: 3844 daAuts
     D:2: 2170 daAuts
     D:7: 2168 daAuts
     D:6: 1906 daAuts
     D:4: 1879 daAuts
     D:3: 1706 daAuts
     D:1: 1590 daAuts
